 Dungeon Crawl Stone Soup version 0.26.1-10-gdfb7c7de75 (webtiles) character file.

Game seed: 8448162658217932810

59 Thatpatchoflichen the Insei (level 4, -5/29 HPs)
             Began as an Octopode Transmuter on Apr 11, 2021.
             Slain by a gnoll
             ... wielding a +0 spear
              (6 damage)
             ... on level 2 of the Dungeon.
             The game lasted 00:03:11 (1549 turns).

Thatpatchoflichen the Insei (Octopode Transmuter)   Turns: 1549, Time: 00:03:11

Health: -5/29      AC:  1    Str:  9    XL:     4   Next: 3%
Magic:  5/8        EV: 14    Int: 16    God:
Gold:   48         SH:  0    Dex: 12    Spells: 5/8 levels left

rFire    . . .     SeeInvis .     - Unarmed
rCold    . . .     Faith    .   (no shield)
rNeg     . . .     Spirit   .   (helmet restricted)
rPois    .         Reflect  .   (no amulet)
rElec    .         Harm     .   (no ring)
rCorr    .         Rampage  .   (no ring)
Will     .....                  (no ring)
Stlth    ++........             (no ring)
HPRegen  0.09/turn              (no ring)
MPRegen  0.11/turn              (no ring)
                                (no ring)
                                (no ring)

@: wereblooded (expiring)
A: almost no armour, stealthy swim, amphibious, 8 rings, constrict 8, camouflage
1, gelatinous body 1
a: no special abilities


You were on level 2 of the Dungeon.
You visited 1 branch of the dungeon, and saw 2 of its levels.

You collected 48 gold pieces.

Inventory:

Missiles
 a - 19 poisoned darts
Jewellery
 c - an uncursed ring of see invisible {unknown}
 g - an uncursed ring of stealth {unknown}
Scrolls
 b - a scroll of enchant weapon {unknown}
 d - 2 scrolls of teleportation {unknown}
 e - 2 scrolls of identify {unknown}
 f - a scroll of random uselessness {unknown}


   Skills:
 - Level 2.0 Fighting
 - Level 3.0 Dodging
 - Level 3.0 Unarmed Combat
 + Level 2.8 Spellcasting
 - Level 2.0 Transmutations


You had 5 spell levels left.
You knew the following spells:

 Your Spells              Type           Power        Failure   Level
a - Beastly Appendage     Tmut           16%          9%          1
b - Wereblood             Tmut           8%           13%         2

Your spell library contained the following spells:

 Spells                   Type           Power        Failure   Level
 Spider Form              Tmut/Pois      2%           36%         3
 Ice Form                 Ice/Tmut       5%           77%         4
 Blade Hands              Tmut           4%           93%         5


Dungeon Overview and Level Annotations

Branches:
Dungeon (2/15)

Altars:


Innate Abilities, Weirdness & Mutations

You cannot wear most types of armour.
You are very stealthy in the water. (Stealth+)
You are amphibious.
You can wear up to eight rings at the same time.
You can use your tentacles to constrict eight enemies at once.
Your skin changes colour to match your surroundings (Stealth+).
Your rubbery body absorbs attacks. (AC +1, EV +1)


Message History

You constrict the goblin, but do no damage.
The gnoll hits you from afar with a +0 spear.
* * * LOW HITPOINT WARNING * * *
The goblin barely misses you.
You tentacle-slap the goblin.
You kill the goblin!
The gnoll hits you from afar with a +0 spear.
* * * LOW HITPOINT WARNING * * *
Training target 3.0 for Dodging reached!
Your Dodging skill increases to level 3!
The gnoll misses you.
Things that are here:
a +0 spear; a gnoll corpse You barely miss the gnoll.
Your grab misses the gnoll. You squeeze the gnoll!
The gnoll is severely wounded.
The gnoll completely misses you.
You tentacle-slap the gnoll. You grab the gnoll.
The gnoll is almost dead.
You constrict the gnoll. The gnoll hits you with a +0 spear.
You die...

# #. ##..
.....
#.....######
......g@†..#
#.....####.#
#.... #.#
#... #.# #..
#.# ## #.#
#.# #.#
###### #.#


You could see a gnoll.

Vanquished Creatures
  2 gnolls (D:2)
  A worm (D:2)
  3 bats (D:1)
  2 giant cockroaches
  8 hobgoblins
  A ball python (D:2)
  7 frilled lizards (D:1)
  7 goblins
  5 rats (D:1)
36 creatures vanquished.

Notes
Turn   | Place    | Note
-------+----------+-------------------------------------------
     0 | D:1      | Thatpatchoflichen the Octopode Transmuter began the quest
                  | for the Orb.
     0 | D:1      | Reached XP level 1. HP: 13/13 MP: 3/3
   205 | D:1      | Reached XP level 2. HP: 1/18 MP: 5/5
  1133 | D:1      | Reached XP level 3. HP: 21/24 MP: 6/6
  1259 | D:2      | Learned a level 2 spell: Wereblood
  1544 | D:2      | Reached XP level 4. HP: 8/29 MP: 4/8
  1546 | D:2      | HP: 1/29 [gnoll/+0 spear (5)]
  1549 | D:2      | Slain by a gnoll

Illustrated notes

Levels and vault maps discovered:
D:1:      dpeg_arrival_morbid_curiosity, layout_rooms, minmay_small_reverse_x
D:2:      layout_basic

Skill      XL: |  1  2  3  4 |
---------------+-------------+-----
Fighting       | 2 |  2.0
Dodging        | 3 |  3.0
Unarmed Combat | |  3.0
Spellcasting   | |  2.8
Transmutations | |  2.0

Action                   |  1- 3 |  4- 6 || total
-------------------------+-------+-------++-------
Melee: Unarmed           |    73 |     5 ||    78
       Constrict         |    25 |     2 ||    27
       Tentacles         |     8 |     1 ||     9
       Punch             |     2 |       ||     2
       Kick              |     1 |       ||     1
 Cast: Beastly Appendage |     2 |       ||     2
       Wereblood         |     1 |       ||     1
 Stab: Sleeping          |     5 |       ||     5
Armor: Skin              |     9 |       ||     9
Dodge: Dodged            |    62 |     3 ||    65
